 Dungeon Crawl Stone Soup version 0.20-b1-18-gaa2fd62 (webtiles) character file.

41403 HeyBub the Nimble (level 13, -16/105 HPs)
             Began as a Minotaur Fighter on May 24, 2017.
             Was a High Priest of Dithmenos.
             Demolished by a phantasmal warrior (30 damage)
             ... led by a death knight
             ... on level 15 of the Dungeon.
             The game lasted 00:35:50 (14650 turns).

HeyBub the Nimble (Minotaur Fighter)               Turns: 14650, Time: 00:35:51

Health: -16/105    AC: 13    Str: 33    XL:     13   Next: 79%
Magic:  18/18      EV: 16    Int:  5    God:    Dithmenos [*****.]
Gold:   673        SH: 18    Dex: 14    Spells: 12/12 levels left

rFire    + . .     SeeInvis +   w - +4 rapier "Death Rattle" {speed, Str+5}
rCold    . . .     Gourm    .   c - +5 shield
rNeg     + . .     Faith    .   L - +3 ring mail of Qusiat {*Contam Dex+2 SInv}
rPois    .         Spirit   .   (helmet restricted)
rElec    .         Reflect  .   (no cloak)
rCorr    .         Harm     +   (no gloves)
MR       .....                  i - +2 pair of boots
Stlth    ++++++....             r - amulet of harm
Regen    0.3/turn               l - ring of protection from fire
MPRegen  0.2/turn               I - ring of positive energy

@: about to teleport, vulnerable, wreathed by umbra, studying Unarmed Combat
A: retaliatory headbutt, horns 2, thin skeletal structure 1, strong 1, evolution
1
a: Shadow Step, Shadow Form, Renounce Religion


You were on level 15 of the Dungeon.
You worshipped Dithmenos.
Dithmenos was extremely pleased with you.
You were not hungry.

You visited 2 branches of the dungeon, and saw 16 of its levels.
You visited 1 bazaar.
You also visited: Labyrinth and Ossuary.

You collected 1041 gold pieces.
You spent 368 gold pieces at shops.

Inventory:

Hand Weapons
 w - the +4 rapier "Death Rattle" (weapon) {speed, Str+5}
   (You found it on level 4 of the Dungeon)

   Attacks with this weapon are significantly faster.
   It affects your strength (+5).
Missiles
 a - 4 javelins
 t - 3 poisoned tomahawks (quivered)
 B - 2 throwing nets
 F - 5 tomahawks of returning
 U - 4 tomahawks
Armour
 c - a +5 shield (worn)
 d - a cursed +0 leather armour
 g - a +3 leather armour of poison resistance
 i - a +2 pair of boots (worn)
 q - a +0 robe of positive energy
 y - +0 acid dragon scales
 z - the +5 scale mail of Oblivion {Str+5 Stlth-, unknown}
   (You bought it in a shop on level 15 of the Dungeon)

   It affects your strength (+5).
   It makes you less stealthy.
 L - the +3 ring mail of Qusiat (worn) {*Contam Dex+2 SInv}
   (You found it on level 11 of the Dungeon)

   It affects your dexterity (+2).
   It lets you see invisible.
   It causes magical contamination when unequipped.
 M - a +0 pair of gloves
 P - the cursed +1 leather armour of Aheilill {rF+, unknown}
   (You bought it in a shop on level 15 of the Dungeon)

   It protects you from fire.
   It has a curse placed upon it.
 T - a +1 troll leather armour
Jewellery
 k - an uncursed ring of poison resistance
 l - a ring of protection from fire (left hand)
 r - an amulet of harm (around neck)
 D - an uncursed ring of poison resistance
 I - a ring of positive energy (right hand)
 O - an uncursed amulet of guardian spirit
Wands
 b - a wand of polymorph (10/24)
 o - a wand of digging (6/24)
 s - a wand of paralysis (21/24)
 v - a wand of paralysis (8/24)
 V - a wand of iceblast (9/15)
 Y - a wand of digging (14/24)
 Z - a wand of scattershot (6/9)
Scrolls
 e - 13 scrolls of amnesia
 C - 2 scrolls of fear
 E - 2 scrolls of teleportation
 H - 4 scrolls of remove curse
 W - a scroll of enchant weapon
Potions
 j - 2 potions of resistance
 m - 6 potions of curing
 x - 5 potions of mutation
 Q - 2 potions of brilliance {unknown}
 S - 3 potions of haste {unknown}
 X - a potion of invisibility {unknown}
Books
 u - a manual of Unarmed Combat
 A - the Papyrus of Excruciating Calling
   (You found it in a labyrinth)

   Spells                             Type                      Level
   a - Searing Ray                    Conjuration                  2
   b - Conjure Flame                  Conjuration/Fire             3
   c - Force Lance                    Conjuration/Translocation    4
   d - Summon Demon                   Summoning                    5
 G - a book of Power

   Spells                             Type                      Level
   a - Iskenderun's Battlesphere      Conjuration/Charms           5
   b - Venom Bolt                     Conjuration/Poison           5
   c - Bolt of Magma                  Conjuration/Fire/Earth       5
   d - Iron Shot                      Conjuration/Earth            6
   e - Orb of Destruction             Conjuration                  7
   f - Spellforged Servitor           Conjuration/Summoning        7
 J - a book of the Earth

   Spells                             Type                      Level
   a - Leda's Liquefaction            Hexes/Earth                  4
   b - Bolt of Magma                  Conjuration/Fire/Earth       5
   c - Statue Form                    Transmutation/Earth          6
   d - Iron Shot                      Conjuration/Earth            6
   e - Shatter                        Earth                        9
 K - a book of Cantrips

   Spells                             Type                      Level
   a - Confusing Touch                Hexes                        1
   b - Animate Skeleton               Necromancy                   1
   c - Summon Small Mammal            Summoning                    1
   d - Apportation                    Translocation                1
 R - a book of Frost

   Spells                             Type                      Level
   a - Freeze                         Ice                          1
   b - Throw Frost                    Conjuration/Ice              2
   c - Ozocubu's Armour               Charms/Ice                   3
   d - Throw Icicle                   Conjuration/Ice              4
   e - Summon Ice Beast               Ice/Summoning                4
Miscellaneous
 p - a phial of floods
 N - a crystal ball of energy
Comestibles
 f - 11 bread rations
 h - 9 royal jellies
 n - 3 meat rations


   Skills:
 - Level 7.4 Fighting
 - Level 7.3(8.4) Short Blades
   Level 6.8(8.6) Long Blades
 - Level 9.0 Throwing
 - Level 8.2 Armour
 - Level 10.0 Dodging
 - Level 9.4 Stealth
 - Level 8.3 Shields
 * Level 8.8 Invocations
 * Level 7.9 Evocations


You had 12 spell levels left.
You didn't know any spells.

Dungeon Overview and Level Annotations

Branches:
Dungeon (15/15)            Temple (1/1) D:4            Lair (0/6) D:9
    Orc (0/2) D:12         Vaults (0/5) D:13
 Depths: D:15

Altars:
Ashenzari
Cheibriados
Dithmenos
Elyvilon
Fedhas
Gozag
Hepliaklqana
Kikubaaqudgha
Makhleb
Nemelex Xobeh
Okawaru
Qazlal
Ru
Sif Muna
Trog
Uskayaw
Vehumet
Xom
Yredelemnul
Zin
The Shining One

Shops:
D:15 [

Portals:
Ice
Cave: D:15

Annotations:
D:5 exclusion: oklob plant


Innate Abilities, Weirdness & Mutations

You reflexively headbutt those who attack you in melee.
You have a pair of horns on your head.
You have a somewhat thin skeletal structure. (Dex +2, Stealth)
Your muscles are strong. (Str +2)
You evolve.


Message History

Your shadow barely misses the phantasmal warrior.
The ice beast hits you but does no damage.
You block the phantasmal warrior's attack.
The orc warrior hits you with a short sword!
* * * LOW HITPOINT WARNING * * *
You block the death knight's attack.
As you read the scroll of fear, it crumbles to dust.
You assume a fearsome visage.
The ice beast looks frightened!
The orc warrior looks frightened!
The death knight looks frightened!
The wraith is unaffected.
The phantasmal warrior is unaffected.
As you read the scroll of teleportation, it crumbles to dust.
You feel strangely unstable. The phantasmal warrior hits you.
* * * LOW HITPOINT WARNING * * *
Your magical defenses are stripped away!
You block the wraith's attack.
The phantasmal warrior blinks!
You hit the phantasmal warrior but do no damage.
Your headbutt misses the phantasmal warrior.
The phantasmal warrior hits you!!
You die...

####.....# #.#
####.## #.#
#...# #.#
#.#.# #.#
#.#.# ..#
#.#.###
..#...##
###W#W.#
##.##..@..####
.......).....#
.......∩!..#.#
.......)...p#
..
....Y......##
..
.............
.
####......###.
#.####.. # #.
###


You could see a death knight (fleeing), a phantasmal warrior, a wraith and an
ice beast (fleeing).

Vanquished Creatures
  A vault warden (D:13)
  A minotaur (Lab)
  8 vault guards (D:13)
  A hydra (D:14)
  A centaur warrior (D:15)
  The ghost of howech the Chopper, a novice MiFi of Cheibriados (D:8)
  A death yak (D:9)
  3 two-headed ogres
  The ghost of Traror the Slicer, a novice DsFi of Makhleb (D:9)
  Urug (D:10)
  Sonja (D:14)
  4 unseen horrors
  A wolf spider zombie (D:14)
  9 ugly things
  A deep elf mage (D:14)
  2 cyclopes
  3 gargoyles
  A kobold demonologist (D:11)
  A freezing wraith (D:12)
  A komodo dragon (D:15)
  6 trolls
  A polar bear (D:15)
  7 hornets
  4 hippogriffs
  4 slime creatures (D:12)
  19 yaks
  2 shadows
  3 wyverns
  A wraith (D:10)
  Sigmund (D:2)
  A hungry ghost (D:11)
  A steam dragon (D:11)
  A basilisk (D:9)
  An acid dragon (D:14)
  A water moccasin (D:11)
  Duvessa (D:7)
  2 sky beasts
  3 orc warriors
  4 ice beasts
  2 black bears (D:11)
  A meliai simulacrum (D:15)
  4 necrophages
  2 phantoms
  4 ogres
  A wolf (D:15)
  8 centaurs
  A crocodile (D:9)
  A big kobold (D:10)
  An elf zombie (Ossuary)
  14 bullfrogs
  A gnoll sergeant (D:11)
  3 scorpions
  Dowan (D:7)
  16 wights
  16 killer bees
  8 crimson imps
  5 centaur zombies
  Crazy Yiuf (D:5)
  A quasit (D:10)
  A bullfrog zombie (D:4)
  4 centaur skeletons
  9 hounds
  3 jellies
  5 orc priests
  4 bullfrog skeletons
  2 human skeletons (D:4)
  4 iguanas
  10 orc wizards
  Natasha (twice) (D:2)
  5 worker ants
  Terence (D:2)
  3 big kobold zombies (Ossuary)
  4 hound zombies
  A hound skeleton (D:8)
  2 mummies (Ossuary)
  3 worker ant zombies
  4 gnolls
  10 adders
  2 shadow imps
  13 white imps (D:15)
  2 ufetubi (D:15)
  An ooze (D:5)
  An adder zombie (D:4)
  3 adder skeletons
  5 worms
  10 dart slugs
  11 leopard geckos
  40 orcs
  6 giant cockroaches
  2 gnoll zombies (Ossuary)
  7 goblins
  5 hobgoblins
  8 jackals
  8 kobolds
  2 quokkas
  A ball python (D:1)
  7 bats
  14 frilled lizards
  A goblin zombie (Ossuary)
  5 hobgoblin zombies (Ossuary)
  2 jackal zombies (D:4)
  2 leopard gecko skeletons
  3 orc skeletons (D:4)
  3 orc zombies
  2 quokka skeletons
  3 quokka zombies (D:4)
  4 rats
447 creatures vanquished.

Vanquished Creatures (collateral kills)
  A phantom (D:9)
1 creature vanquished.

Vanquished Creatures (others)
  An ugly thing (D:15)
  A kobold (D:3)
  12 toadstools (D:5)
14 creatures vanquished.

Grand Total: 462 creatures vanquished

Notes
Turn   | Place    | Note
-------+----------+-------------------------------------------
     0 | D:1      | HeyBub the Minotaur Fighter began the quest for the Orb.
     0 | D:1      | Reached XP level 1. HP: 19/19 MP: 0/0
   117 | D:1      | Reached XP level 2. HP: 22/27 MP: 1/1
   132 | D:1      | Reached skill level 1 in Dodging
   378 | D:1      | Reached XP level 3. HP: 33/33 MP: 2/2
   840 | D:2      | Found a sparkling altar of Nemelex Xobeh.
   871 | D:2      | Found a shadowy altar of Dithmenos.
   892 | D:2      | Noticed Terence
   893 | D:2      | Found a hide-covered altar of Uskayaw.
   899 | D:2      | Killed Terence
   899 | D:2      | Reached skill level 2 in Dodging
   899 | D:2      | Reached XP level 4. HP: 40/40 MP: 3/3
  1012 | D:2      | Noticed Sigmund
  1031 | D:2      | Killed Sigmund
  1031 | D:2      | Reached skill level 3 in Dodging
  1031 | D:2      | Reached XP level 5. HP: 23/46 MP: 4/4
  1348 | D:2      | Noticed Natasha
  1356 | D:2      | Killed Natasha
  1356 | D:2      | Reached skill level 5 in Shields
  1356 | D:2      | Reached XP level 6. HP: 49/52 MP: 5/5
  1467 | D:2      | Noticed Natasha
  1479 | D:2      | Killed Natasha
  1479 | D:2      | Reached skill level 5 in Long Blades
  1905 | D:3      | Found a stormy altar of Qazlal.
  2173 | D:3      | Found a faded altar of an unknown god.
  2410 | D:4      | Reached XP level 7. HP: 28/60 MP: 6/6
  2616 | D:4      | Reached skill level 5 in Armour
  2856 | D:4      | Reached skill level 4 in Dodging
  2869 | D:4      | Found a sand-covered staircase.
  2877 | Ossuary  | Entered an ossuary
  3086 | D:4      | Found a staircase to the Ecumenical Temple.
  3316 | D:4      | Found a blossoming altar of Fedhas.
  3316 | D:4      | Found a glowing golden altar of the Shining One.
  3321 | D:4      | Found a snail-covered altar of Cheibriados.
  3323 | D:4      | Found a faded altar of an unknown god.
  3324 | D:4      | Found a faded altar of an unknown god.
  3396 | D:4      | Reached skill level 5 in Dodging
  3635 | D:4      | Got a slimy rapier
  3636 | D:4      | Identified the +4 rapier "Death Rattle" {speed, Str+5} (You found it on level 4 of the Dungeon)
  3823 | D:5      | Entered Level 5 of the Dungeon
  3831 | D:5      | Reached skill level 5 in Fighting
  3831 | D:5      | Reached XP level 8. HP: 68/68 MP: 7/7
  3858 | D:5      | Reached skill level 1 in Short Blades
  3911 | D:5      | Reached skill level 1 in Stealth
  3956 | D:5      | Found a runed door.
  3960 | D:5      | Got a translucent mace
  3967 | D:5      | Noticed Crazy Yiuf
  3971 | D:5      | Killed Crazy Yiuf
  4061 | D:5      | Found a blossoming altar of Fedhas.
  4082 | D:5      | Noticed an oklob plant
  4582 | D:6      | Reached skill level 5 in Short Blades
  4798 | D:7      | Reached XP level 9. HP: 65/75 MP: 8/8
  4818 | D:7      | Noticed a two-headed ogre
  4827 | D:7      | Killed a two-headed ogre
  5036 | D:7      | Noticed Duvessa
  5036 | D:7      | Noticed Dowan
  5040 | D:7      | Killed Dowan
  5040 | D:7      | Reached skill level 1 in Throwing
  5053 | D:7      | Killed Duvessa
  5053 | D:7      | Reached skill level 6 in Dodging
  5063 | D:7      | Found an opulent altar of Gozag.
  5489 | Temple   | Entered the Ecumenical Temple
  6027 | D:2      | Became a worshipper of Dithmenos the Shadowed
  6824 | D:8      | Found a sacrificial altar of Ru.
  6840 | D:8      | Noticed a two-headed ogre
  6849 | D:8      | Killed a two-headed ogre
  6849 | D:8      | Reached XP level 10. HP: 59/86 MP: 9/9
  6852 | D:8      | Noticed howech's ghost (novice MiFi)
  6888 | D:8      | Killed howech's ghost
  7383 | D:9      | Found a staircase to the Lair.
  7383 | D:9      | Noticed a death yak
  7727 | D:9      | Killed a death yak
  7727 | D:9      | Reached skill level 7 in Dodging
  7727 | D:9      | Reached skill level 5 in Stealth
  8015 | D:9      | Reached * piety under Dithmenos
  8083 | D:9      | Noticed Traror's ghost (novice DsFi)
  8104 | D:9      | Killed Traror's ghost
  8104 | D:9      | Reached skill level 5 in Throwing
  8446 | D:10     | Entered Level 10 of the Dungeon
  8446 | D:10     | Noticed a gargoyle
  8449 | D:10     | Killed a gargoyle
  8449 | D:10     | Reached skill level 8 in Dodging
  8463 | D:10     | Reached XP level 11. HP: 81/92 MP: 10/10
  8482 | D:10     | Noticed Urug
  8499 | D:10     | Killed Urug
  8713 | D:10     | Found a burning altar of Makhleb.
  8866 | D:10     | Reached skill level 9 in Dodging
  8963 | D:10     | Noticed a two-headed ogre
  9011 | D:10     | Reached ** piety under Dithmenos
  9660 | D:11     | Noticed a cyan ugly thing
  9678 | D:11     | Noticed a soul eater
  9683 | D:11     | Killed a cyan ugly thing
  9689 | D:11     | Noticed a sixfirhy
  9865 | D:11     | Found a labyrinth entrance.
  9879 | Lab      | Entered a labyrinth
 10044 | Lab      | Noticed a minotaur
 10056 | Lab      | Killed a minotaur
 10060 | Lab      | Identified the Papyrus of Excruciating Calling
 10076 | D:11     | Gained mutation: You tend to lose your temper in combat. [potion of mutation]
 10076 | D:11     | Gained mutation: Your muscles are strong. (Str +2) [potion of mutation]
 10076 | D:11     | Gained mutation: You evolve. [potion of mutation]
 10306 | D:11     | Noticed a two-headed ogre
 10341 | D:11     | Killed a two-headed ogre
 10341 | D:11     | Reached XP level 12. HP: 82/100 MP: 11/11
 10367 | D:11     | Reached skill level 10 in Dodging
 10553 | D:11     | Got a fine ring mail
 10569 | D:11     | Gained mutation: You have a somewhat thin skeletal structure. (Dex +2, Stealth) [evolution]
 10689 | D:11     | Identified the +3 ring mail of Qusiat {*Contam Dex+2 SInv} (You found it on level 11 of the Dungeon)
 10716 | D:11     | Reached *** piety under Dithmenos
 10857 | D:11     | Reached skill level 1 in Invocations
 10857 | D:11     | Reached skill level 1 in Evocations
 11601 | D:12     | Found a staircase to the Orcish Mines.
 11604 | D:12     | Reached **** piety under Dithmenos
 12129 | D:13     | Noticed a vault guard
 12129 | D:13     | Noticed a vault guard
 12130 | D:13     | Found a gate to the Vaults.
 12130 | D:13     | Noticed a vault guard
 12131 | D:13     | Noticed a vault guard
 12131 | D:13     | Noticed a vault guard
 12133 | D:13     | Noticed a vault guard
 12133 | D:13     | Noticed a vault guard
 12133 | D:13     | Noticed a vault guard
 12149 | D:13     | Killed a vault guard
 12168 | D:13     | Killed a vault guard
 12178 | D:13     | Killed a vault guard
 12185 | D:13     | Killed a vault guard
 12190 | D:13     | Killed a vault guard
 12190 | D:13     | Reached skill level 5 in Invocations
 12199 | D:13     | Killed a vault guard
 12206 | D:13     | Killed a vault guard
 12212 | D:13     | Killed a vault guard
 12212 | D:13     | Reached XP level 13. HP: 40/105 MP: 14/16
 12515 | D:13     | Reached skill level 5 in Evocations
 12748 | D:13     | Lost mutation: You tend to lose your temper in combat. [evolution]
 12907 | D:13     | Noticed a vault warden
 12930 | D:13     | Killed a vault warden
 13361 | D:14     | Noticed Sonja
 13368 | D:14     | Killed Sonja
 13522 | D:14     | Identified the +9 mace of Psychosis {venom, +Fly rF- Int+2} (You found it on level 5 of the Dungeon)
 13965 | D:15     | Entered Level 15 of the Dungeon
 13965 | D:15     | Found a frozen archway.
 13973 | D:15     | Reached ***** piety under Dithmenos
 14359 | D:15     | Found Ytayl's Antique Armour Shoppe.
 14370 | D:15     | Bought a blackened scale mail for 207 gold pieces
 14370 | D:15     | Bought a twisted leather armour for 161 gold pieces
 14490 | D:15     | Found a flickering gateway to a bazaar.
 14504 | Bazaar   | Entered a bazaar
 14525 | Bazaar   | Found Xammolil's Food Boutique.
 14548 | Bazaar   | Found Suligro's Armour Shop.
 14562 | Bazaar   | Found Bocoanti's Food Boutique.
 14576 | Bazaar   | Found Feheg's Armour Shop.
 14590 | Bazaar   | Found Atsemuz's Food Boutique.
 14604 | Bazaar   | Found Ybita's Distillery.
 14650 | D:15     | Demolished by a phantasmal warrior

Skill      XL: |  1  2  3  4  5  6  7  8  9 10 11 12 13 |
---------------+----------------------------------------+-----
Dodging        | 1 2 3 5 6 8 9 10 | 10.0
Shields        | 4 5 6 7 8 |  8.3
Long Blades    | 3 4 5 6 |  6.8
Armour         | 4 5 6 7 8 |  8.2
Fighting       | 4 5 7 |  7.4
Short Blades   | 5 7 |  7.3
Stealth        | 2 4 6 9 |  9.4
Throwing       | 2 5 6 8 9 |  9.0
Invocations    | 5 8 |  8.8
Evocations     | 4 7 |  7.9

Action                   |  1- 3 |  4- 6 |  7- 9 | 10-12 | 13-15 || total
-------------------------+-------+-------+-------+-------+-------++-------
Melee: Long sword        |    87 |   161 |   133 |       |       ||   381
       Headbutt          |    14 |    30 |    89 |   161 |    71 ||   365
       Rapier            |       |       |   207 |   628 |   238 ||  1073
Throw: Tomahawk          |       |       |       |    24 |       ||    24
       Javelin           |       |       |       |    12 |       ||    12
       Throwing net      |       |       |       |     1 |       ||     1
Evoke: Wand              |       |       |       |     7 |       ||     7
  Use: Scroll            |     4 |     2 |     4 |    21 |    13 ||    44
       Potion            |       |     1 |       |    16 |     2 ||    19
 Stab: Sleeping          |       |     1 |       |    21 |    14 ||    36
       Held in net/web   |       |       |       |     1 |       ||     1
  Eat: Chunk             |       |     4 |    10 |     9 |       ||    23
       Fruit             |       |       |     4 |     7 |     4 ||    15
       Royal jelly       |       |       |     1 |     1 |       ||     2
       Meat ration       |       |       |       |       |     1 ||     1
Armor: Scale mail        |    37 |    26 |       |       |       ||    63
       Ring mail         |       |    30 |     4 |    13 |    26 ||    73
       Robe              |       |       |    28 |       |       ||    28
       Leather armour    |       |       |    13 |    63 |       ||    76
       Skin              |       |       |       |    16 |       ||    16
Dodge: Dodged            |    26 |    65 |   137 |   195 |    88 ||   511
Block: Shield            |    62 |    77 |   150 |   275 |   134 ||   698
       Rpst.: Long sword |     4 |    13 |    20 |       |       ||    37
